[Event "44th Chess Olympiad Open 2022"]
[Site "Chennai"]
[Date "2022.08.09"]
[Round "11.20"]
[White "Maerevoet, Sim"]
[Black "Blohberger, Felix"]
[Result "1/2-1/2"]
[ECO "C58"]
[WhiteElo "2409"]
[BlackElo "2492"]
[Annotator "RC"]
[PlyCount "58"]
[EventDate "2022.07.29"]
[EventType "team-tourn"]
[EventCountry "IND"]
[SourceTitle "playchess.com"]
[Source "ChessBase"]
[SourceQuality "1"]
[WhiteTeam "Belgium"]
[BlackTeam "Austria"]
[WhiteTeamCountry "BEL"]
[BlackTeamCountry "AUT"]
[TimeControl "40/5400+30:1800+30"]

1. e4 e5 2. Nf3 Nc6 3. Bc4 Nf6 4. Ng5 d5 5. exd5 Na5 6. Bb5+ c6 7. dxc6 bxc6 8. Qf3 h6 9. Ne4 cxb5 10. Nxf6+ gxf6 11. Qxa8 Qd7 12. b4 Nc6 13. a4 Nd4 14. Na3 Bxb4 15. c3 Nb3 16. cxb4 Nxa1 17. Qf3 Rg8 18. Qc3 Bb7 19. Qxa1 Bxg2 20. Rg1 Qh3 21. Qc3 Qxh2 22. Rxg2 Qxg2 23. Nxb5 Qe4+ 24. Kf1 Qh1+ 25. Ke2 Qe4+ 26. Kf1 Qh1+ 27. Ke2 Qe4+ 28. Kf1 Qh1+ 29. Ke2 Qe4+ 1/2-1/2

[Event "44th Chess Olympiad Open 2022"]
[Site "Chennai"]
[Date "2022.08.09"]
[Round "11.21"]
[White "Hammer, Jon Ludvig"]
[Black "Gomez, John Paul"]
[Result "1/2-1/2"]
[ECO "C73"]
[WhiteElo "2638"]
[BlackElo "2451"]
[Annotator "TA"]
[PlyCount "69"]
[EventDate "2022.07.29"]
[EventType "team-tourn"]
[EventCountry "IND"]
[SourceTitle "playchess.com"]
[Source "ChessBase"]
[SourceQuality "1"]
[WhiteTeam "Norway"]
[BlackTeam "Philippines"]
[WhiteTeamCountry "NOR"]
[BlackTeamCountry "PHI"]
[TimeControl "40/5400+30:1800+30"]

1. e4 e5 2. Nf3 Nc6 3. Bb5 Nf6 4. d3 d6 5. O-O a6 6. Bxc6+ bxc6 7. d4 exd4 8. Qxd4 Be7 9. e5 {[%emt 0:13:53] C73: Ruy Lopez: Deferred Steinitz: 5 Bxc6+.} c5 $1 10. Qd3 dxe5 11. Qxd8+ Bxd8 12. Nxe5 O-O 13. Nc6 Nd5 14. Nxd8 Rxd8 {[%emt 0:00:10] [#]} 15. Na3 $146 (15. c4 $5 Nb4 16. Nc3 $11) ({Predecessor:} 15. c4 Nb4 16. Na3 Nd3 17. b3 Bg4 18. f3 Bf5 19. Nc2 c6 20. Bg5 f6 21. Bh4 {0-1 (32) Polzin,R (2410)-Slobodjan,R (2500) Germany 1996}) 15... Bf5 16. c4 Nb4 17. Be3 a5 18. b3 a4 19. Bxc5 Nc2 20. Nxc2 Bxc2 21. b4 Rd3 22. Be3 Rc3 23. c5 c6 24. Rac1 Rc4 25. Rfe1 Rd8 26. h3 Bd3 27. Rcd1 (27. a3 $1 $14) 27... Rxb4 $11 {[%emt 0:02:13] The position is equal.} 28. Bd2 Re4 29. Ba5 Rxe1+ 30. Rxe1 {[%emt 0:00:07] KRB-KRB} Rb8 31. Bb6 Kf8 32. Bc7 Rb1 33. Bd6+ Kg8 34. Rxb1 Bxb1 35. a3 {[%emt 0:00:02] Weighted Error Value: White=0.10 (very precise) /Black=0.06 (flawless)} 1/2-1/2

[Event "44th Chess Olympiad Open 2022"]
[Site "Chennai"]
[Date "2022.08.09"]
[Round "11.21"]
[White "Urkedal, Frode Olav Olsen"]
[Black "Bersamina, Paulo"]
[Result "0-1"]
[ECO "D89"]
[WhiteElo "2555"]
[BlackElo "2429"]
[Annotator "RC"]
[PlyCount "74"]
[EventDate "2022.07.29"]
[EventType "team-tourn"]
[EventCountry "IND"]
[SourceTitle "playchess.com"]
[Source "ChessBase"]
[SourceQuality "1"]
[WhiteTeam "Norway"]
[BlackTeam "Philippines"]
[WhiteTeamCountry "NOR"]
[BlackTeamCountry "PHI"]
[TimeControl "40/5400+30:1800+30"]

1. d4 Nf6 2. c4 g6 3. Nc3 d5 4. cxd5 Nxd5 5. e4 Nxc3 6. bxc3 Bg7 7. Bc4 c5 8. Ne2 O-O 9. O-O Nc6 10. Be3 Bg4 11. f3 Na5 12. Bd3 cxd4 13. cxd4 Be6 14. d5 Bxa1 15. Qxa1 f6 16. Kh1 Bf7 17. Bh6 Nc6 18. Bxf8 Kxf8 19. f4 Nb4 20. Bb1 Rc8 21. a3 Nc2 22. Qb2 Ne3 23. Rc1 Rxc1+ 24. Qxc1 Qb6 25. Ba2 Kg7 26. h3 a5 27. Kh2 Be8 28. Ng3 Qd4 29. d6 h5 30. Bb1 exd6 31. Qc7+ Kf8 32. Qc1 Bc6 33. f5 h4 34. Ne2 Qd2 35. Qc3 Qxc3 36. Nxc3 gxf5 37. exf5 Bxg2 0-1

[Event "44th Chess Olympiad Open 2022"]
[Site "Chennai"]
[Date "2022.08.09"]
[Round "11.21"]
[White "Paragua, Mark"]
[Black "Tari, Aryan"]
[Result "1/2-1/2"]
[ECO "B12"]
[WhiteElo "2461"]
[BlackElo "2672"]
[Annotator "TA"]
[PlyCount "60"]
[EventDate "2022.07.29"]
[EventType "team-tourn"]
[EventCountry "IND"]
[SourceTitle "playchess.com"]
[Source "ChessBase"]
[SourceQuality "1"]
[WhiteTeam "Philippines"]
[BlackTeam "Norway"]
[WhiteTeamCountry "PHI"]
[BlackTeamCountry "NOR"]
[TimeControl "40/5400+30:1800+30"]

1. e4 c6 2. d4 d5 3. e5 c5 4. dxc5 e6 5. a3 Bxc5 6. b4 {[%emt 0:00:47] B12: Caro-Kann: Advance Variation.} Be7 7. Nf3 f6 (7... a5 $5 ) 8. Bb2 {[%emt 0:04:52] White has an edge.} a5 9. b5 Nd7 10. c4 Nxe5 11. Nxe5 (11. Bxe5 fxe5 12. Nxe5 Bd6 $17) 11... fxe5 12. Bxe5 ({Much worse is} 12. Qh5+ g6 13. Qe2 (13. Qxe5 Bf6 $11) 13... Bf6 $15) 12... Nf6 13. Be2 O-O 14. O-O Nd7 15. Bb2 Nc5 {[%emt 0:02:14] [#]} 16. Bf3 $146 ({Don't play} 16. Qd4 Bf6 17. Qxc5 Bxb2 $15) ({Predecessor:} 16. Ra2 b6 17. cxd5 Qxd5 18. Qxd5 exd5 19. Bf3 Bb7 20. Rd1 Rac8 21. Bd4 Na4 22. h3 {½-½ (35) Polakovic,P (2467)-Mayer,R (2464) ICCF email 2012}) 16... dxc4 17. Nd2 e5 18. Nxc4 {[%emt 0:09:53] And now Qe2 would win.} e4 $1 19. Qxd8 (19. Be2 {seems wilder.} Be6 20. Re1 a4 21. Bf1) 19... Bxd8 20. Be2 Be6 21. Rad1 {[%emt 0:03:04] Inhibits Nd3.} a4 22. Bc3 Nd3 {[%emt 0:04:44] Against Rfe1} 23. Bxd3 exd3 24. Nd6 Bb6 {[%emt 0:02:24] This bishop pair is nice.} (24... Be7 $5 25. Rxd3 Rad8 $11) 25. Rxd3 Rad8 {[%emt 0:00:06] [#] White must now prevent ...Bc4.} 26. Rd2 Rd7 27. Bb4 $1 {[%emt 0:01:55] Prevents Bc5. White is slightly better.} Rfd8 28. Re1 Bb3 29. Ree2 Rc7 {[%emt 0:05:33] [#] Threatens to win with ...Rc1+.} 30. h3 h6 {[%emt 0:00:49] Weighted Error Value: White=0.05 (flawless) /Black=0.04 (flawless)} 1/2-1/2

[Event "44th Chess Olympiad Open 2022"]
[Site "Chennai"]
[Date "2022.08.09"]
[Round "11.21"]
[White "Laylo, Darwin"]
[Black "Christiansen, Johan-Sebastian"]
[Result "1/2-1/2"]
[ECO "D35"]
[WhiteElo "2432"]
[BlackElo "2593"]
[Annotator "TA"]
[PlyCount "76"]
[EventDate "2022.07.29"]
[EventType "team-tourn"]
[EventCountry "IND"]
[SourceTitle "playchess.com"]
[Source "ChessBase"]
[SourceQuality "1"]
[WhiteTeam "Philippines"]
[BlackTeam "Norway"]
[WhiteTeamCountry "PHI"]
[BlackTeamCountry "NOR"]
[TimeControl "40/5400+30:1800+30"]

1. d4 Nf6 2. c4 e6 3. Nf3 d5 4. Nc3 c6 5. cxd5 exd5 6. Bg5 h6 7. Bf4 {[%emt 0:02:46] D35: Queen's Gambit Declined: Exchange Variation.} Nh5 8. Be5 Nd7 9. e3 Nxe5 10. Nxe5 Nf6 11. Bd3 {[%emt 0:00:06] [#]} Nd7 $146 ({Predecessor:} 11... Bd6 12. f4 O-O 13. Qf3 c5 14. O-O-O cxd4 15. exd4 Bb4 16. Ne2 Ne4 17. Bxe4 dxe4 {0-1 (36) Ipatov,A (2630)-Giri,A (2732) Antalya 2013}) 12. O-O Nxe5 13. dxe5 Bc5 14. e4 (14. Na4 $5 Be7 15. Rc1 $11) 14... Bd4 15. exd5 Bxc3 16. bxc3 {[%emt 0:00:08] Black must now prevent d6.} Qxd5 17. Bc2 Be6 18. Bb3 Qxd1 19. Rfxd1 Bxb3 (19... Rd8 {keeps more tension.} 20. f4 Ke7 21. Kf2 Bg4) 20. axb3 $11 {[%emt 0:00:04][%mdl 4096] Endgame KRR-KRR} Ke7 21. f4 a6 22. Kf2 Rhd8 23. Ke3 Ke6 24. Ke4 f5+ 25. Ke3 g5 26. g3 Rac8 27. b4 Ke7 28. c4 Rxd1 29. Rxd1 $14 {[%emt 0:00:02] KR-KR} c5 30. Rb1 (30. bxc5 $16 {And now Rb1 would win.} Rxc5 31. Kd4) 30... b5 $11 31. cxb5 axb5 {[%emt 0:00:02] The position is equal.} 32. bxc5 Rxc5 33. Kd4 Rc2 34. Rxb5 Rxh2 35. Rb7+ Ke6 36. Rb6+ Ke7 37. Rb7+ Ke6 38. Rb6+ Ke7 {[%emt 0:00:08] Weighted Error Value: White=0.08 (flawless) /Black=0.05 (flawless)} 1/2-1/2

[Event "44th Chess Olympiad Open 2022"]
[Site "Chennai"]
[Date "2022.08.09"]
[Round "11.22"]
[White "Brkic, Ante"]
[Black "Miezis Normunds"]
[Result "0-1"]
[ECO "B48"]
[WhiteElo "2611"]
[BlackElo "2446"]
[Annotator "RC"]
[PlyCount "154"]
[EventDate "2022.07.29"]
[EventType "team-tourn"]
[EventCountry "IND"]
[SourceTitle "playchess.com"]
[Source "ChessBase"]
[SourceQuality "1"]
[WhiteTeam "Croatia"]
[BlackTeam "Latvia"]
[WhiteTeamCountry "CRO"]
[BlackTeamCountry "LAT"]
[TimeControl "40/5400+30:1800+30"]

1. e4 c5 2. Nf3 e6 3. d4 cxd4 4. Nxd4 a6 5. a3 Nc6 6. Be3 Nf6 7. Nc3 Qc7 8. Be2 b5 9. Nxc6 dxc6 10. f4 Bb7 11. e5 Rd8 12. Bd3 Nd5 13. Nxd5 cxd5 14. Bd4 Bc5 15. c3 Qb6 16. Qd2 Rc8 17. Qe3 Bxd4 18. Qxd4 Qxd4 19. cxd4 Kd7 20. Kd2 h6 21. h4 Bc6 22. h5 Ke7 23. Rh4 Bd7 24. Rg4 Rhg8 25. Rh1 f5 26. exf6+ gxf6 27. Rg6 Rcf8 28. Rh2 Be8 29. Rxh6 f5 30. Be2 Bf7 31. Bf3 Rc8 32. Rh1 Rc4 33. b3 Rc7 34. Rc1 Rxc1 35. Kxc1 a5 36. b4 axb4 37. axb4 Ra8 38. Kd2 Rc8 39. Ke3 Ra8 40. Kf2 Rc8 41. Kg3 Ra8 42. Kh4 Rc8 43. Rh7 Kf6 44. h6 Rg8 45. Rg7 Rh8 46. Bh5 Be8 47. g4 fxg4 48. Kxg4 Rxh6 49. Bxe8 Kxg7 50. Bxb5 Rh1 51. f5 Kf6 52. fxe6 Kxe6 53. Kf4 Rb1 54. Ke3 Rxb4 55. Bd3 Kf6 56. Bh7 Rb8 57. Kf4 Re8 58. Bc2 Re1 59. Kf3 Ke6 60. Kf2 Rc1 61. Bh7 Rh1 62. Bd3 Kf6 63. Be2 Ke6 64. Bf3 Ra1 65. Ke3 Kd6 66. Be2 Ra3+ 67. Kd2 Kc6 68. Bd3 Kb6 69. Be2 Ka5 70. Kc2 Kb4 71. Kd2 Rg3 72. Kc2 Rh3 73. Kd2 Kb3 74. Ba6 Rh4 75. Kd3 Rg4 76. Bb5 Kb4 77. Ba6 Rg6 0-1

[Event "44th Chess Olympiad Open 2022"]
[Site "Chennai"]
[Date "2022.08.09"]
[Round "11.22"]
[White "Bosiocic, Marin"]
[Black "Golubovskis, Maksims"]
[Result "1-0"]
[ECO "D34"]
[WhiteElo "2549"]
[BlackElo "2219"]
[Annotator "RC"]
[PlyCount "67"]
[EventDate "2022.07.29"]
[EventType "team-tourn"]
[EventCountry "IND"]
[SourceTitle "playchess.com"]
[Source "ChessBase"]
[SourceQuality "1"]
[WhiteTeam "Croatia"]
[BlackTeam "Latvia"]
[WhiteTeamCountry "CRO"]
[BlackTeamCountry "LAT"]
[TimeControl "40/5400+30:1800+30"]

1. Nf3 Nf6 2. g3 e6 3. Bg2 d5 4. O-O Be7 5. c4 O-O 6. b3 c5 7. cxd5 exd5 8. d4 Nc6 9. Bb2 Be6 10. Nc3 Rc8 11. dxc5 Bxc5 12. Ng5 Qe7 13. Nxe6 fxe6 14. Bh3 Rcd8 15. Na4 Bd6 16. Rc1 Ne4 17. Bg2 Nc5 18. Nxc5 Bxc5 19. Bh3 Bb6 20. Rc3 e5 21. Rf3 e4 22. Rxf8+ Kxf8 23. e3 d4 24. Qh5 Kg8 25. Bf5 g6 26. Qg4 Ne5 27. Be6+ Kg7 28. Qxe4 Qxe6 29. exd4 Nf3+ 30. Qxf3 Bxd4 31. Rd1 Qe5 32. Qf4 Bxf2+ 33. Qxf2 Rxd1+ 34. Kg2 1-0

[Event "44th Chess Olympiad Open 2022"]
[Site "Chennai"]
[Date "2022.08.09"]
[Round "11.22"]
[White "Kantans, Toms"]
[Black "Saric, Ivan"]
[Result "0-1"]
[ECO "B52"]
[WhiteElo "2486"]
[BlackElo "2680"]
[Annotator "TA"]
[PlyCount "88"]
[EventDate "2022.07.29"]
[EventType "team-tourn"]
[EventCountry "IND"]
[SourceTitle "playchess.com"]
[Source "ChessBase"]
[SourceQuality "1"]
[WhiteTeam "Latvia"]
[BlackTeam "Croatia"]
[WhiteTeamCountry "LAT"]
[BlackTeamCountry "CRO"]
[TimeControl "40/5400+30:1800+30"]

1. e4 c5 2. Nf3 d6 3. Bb5+ Bd7 4. c4 Nc6 5. Nc3 Nf6 6. d4 {[%emt 0:04:41] B52: Sicilian: Moscow Variation with 3...Bd7.} cxd4 7. Nxd4 g6 8. O-O {[%emt 0:05:54] The position is equal. 8.h3 is the modern continuation.} Bg7 9. Bxc6 bxc6 10. c5 O-O 11. cxd6 exd6 12. Bf4 Re8 13. Re1 Qb6 {[%emt 0:16:24] White must now prevent ...Ng4.} 14. Nb3 $1 d5 {[%emt 0:00:50][%cal Rd5e4] [#]} 15. exd5 $146 (15. Be3 $5 Qb8 16. exd5 $11 (16. f3 dxe4 17. Nxe4 Be6 $15)) ({Predecessor:} 15. Na4 Qd8 16. exd5 cxd5 17. Rxe8+ Qxe8 18. Nc3 Bg4 19. f3 Be6 20. Qd2 Nd7 21. Nd4 {1-0 (34) Golubev,M (2476)-Fingerov,D (2300) Odessa 2018}) 15... Rxe1+ 16. Qxe1 Nxd5 17. Nxd5 cxd5 18. Rd1 Re8 19. Qd2 d4 $36 {[%emt 0:02:33][%mdl 2048] Against Be3. Black has good play.} 20. h3 $1 ({Don't blunder} 20. Nxd4 $2 Bxd4 21. h3 Re4 $19) 20... Ba4 21. Re1 Rxe1+ 22. Qxe1 h5 23. Nc1 (23. Qa5 $1 $11 {and White is okay.} Qxa5 24. Nxa5) 23... Qxb2 $19 24. Qa5 Bb5 {[%emt 0:03:24] This bishop pair is nice.} 25. Qxa7 Bc4 26. Qa4 Be6 {[%emt 0:04:12] Black is more active.} 27. Qa5 Qb1 28. a4 (28. f3 $17) 28... Qc2 29. Qd8+ (29. Qd2 $142 Qxa4 30. Nd3) 29... Kh7 30. a5 Qe4 31. Qc7 (31. Qg5) 31... Qe1+ 32. Kh2 Qxf2 33. Nd3 Qe2 34. Nb4 {[%emt 0:00:30] Prevents Bd5.} Bf5 {[%emt 0:01:30] ( -> ...Be4)} 35. Qc1 d3 36. Nd5 Be4 37. Ne3 Bd4 $2 (37... d2 {mates} 38. Qh1 Qf2 39. Bg3 Qxe3 40. Qd1 h4 41. Bd6 Qe1 42. Qg4 d1=Q 43. Qxh4+ Qxh4 44. Bg3 Qf1 $1 45. Bxh4 Qxg2#) 38. Qc4 $15 Qb2 {[%emt 0:01:38] ...Kg7 is the strong threat.} 39. Qxf7+ Bg7 {[%emt 0:00:04] aiming for ...d2.} 40. a6 {[%emt 0:01:38] [#]} (40. Qc4 $1 $11 Qd4 41. Qxd4 Bxd4 42. Nd1) 40... Qd4 $1 $17 {[%emt 0:07:36] Strongly threatening ...d2.} 41. a7 d2 ({Black should play} 41... Ba8 $17 {Hoping for ...d2.} 42. Qc4 Qd7) 42. Qe7 $2 (42. Nd1 $1 $11 {and White stays safe.}) 42... Ba8 $19 43. Qd6 (43. Bg3 $19 Qxe3 44. Qxe3) 43... Qe4 (43... g5 $142 44. Nd1 gxf4 45. Qe7 f3 46. Qg5 Qe5+ 47. Qxe5 Bxe5+ 48. Kg1 Bd4+ 49. Kf1 fxg2+ 50. Ke2 g1=Q 51. Kxd2 Be4 52. a8=B Qh2+ 53. Nf2 Qxf2+ 54. Kd1 Qc2+ 55. Ke1 Bc3+ 56. Kf1 Qg2#) 44. h4 d1=Q {[%emt 0:00:20] Weighted Error Value: White=0.89/Black=0.44} 0-1

[Event "44th Chess Olympiad Open 2022"]
[Site "Chennai"]
[Date "2022.08.09"]
[Round "11.22"]
[White "Reimanis, Ritvars"]
[Black "Kozul, Zdenko"]
[Result "1-0"]
[ECO "E94"]
[WhiteElo "2377"]
[BlackElo "2602"]
[Annotator "TA"]
[PlyCount "149"]
[EventDate "2022.07.29"]
[EventType "team-tourn"]
[EventCountry "IND"]
[SourceTitle "playchess.com"]
[Source "ChessBase"]
[SourceQuality "1"]
[WhiteTeam "Latvia"]
[BlackTeam "Croatia"]
[WhiteTeamCountry "LAT"]
[BlackTeamCountry "CRO"]
[TimeControl "40/5400+30:1800+30"]

1. d4 Nf6 2. c4 g6 3. Nc3 Bg7 4. e4 d6 5. Be2 Nbd7 6. Nf3 e5 7. O-O O-O 8. Be3 h6 9. dxe5 dxe5 10. Qc1 $1 {[%emt 0:00:34][%mdl 4] is more profitable than 10.Nd2 at the moment.} Kh7 {[%emt 0:00:11] [#] E94: King's Indian: Classical: 6 Be2 e5 7 0-0: Various Black 7th moves.} 11. c5 $146 ({Predecessor:} 11. Rd1 Nh5 12. c5 c6 13. b4 Qe7 14. Nd2 Nf4 15. Bf1 Nf6 16. f3 Be6 17. Nc4 Bxc4 18. Bxc4 {1-0 (42) Can,E (2578)-Kozul,Z (2619) Terme Catez 2022}) 11... Nh5 12. g3 (12. Rd1 {feels hotter.} Nf4 13. Bc4 Qe7 14. b4) 12... c6 {[%emt 0:18:50] White is slightly better.} 13. b4 Nhf6 14. Qc2 Qe7 15. Rad1 Ne8 16. Nd2 Ndf6 17. Nc4 Bh3 18. Rfe1 Nc7 19. f3 {[%emt 0:06:13] Prevents Ng4.} h5 20. Rd6 Rfb8 21. Red1 Nfe8 22. R6d2 Ne6 23. Bf1 (23. Rd7 Qf8 $11) 23... Bxf1 24. Kxf1 b6 (24... Nd4 25. Bxd4 exd4 26. Ne2 $16) 25. Ne2 {[%emt 0:01:19] Prevents Nd4.} ({Reject} 25. cxb6 axb6 26. Qb2 (26. Nxb6 Ra6 $14) (26. Bxb6 Qxb4 27. Qb3 Qxb3 $15) 26... b5 $11) ({Better is} 25. Rd7 $16 Qf6 26. cxb6 axb6 27. Qf2) 25... bxc5 $11 26. bxc5 (26. Rd7 {is more complex.} Qf6 27. f4 exf4 28. e5) 26... Rb7 {[%emt 0:01:55] Inhibits Rd7.} 27. Kg2 Rc8 (27... Rd8 $14) 28. Na5 Rbc7 29. h4 ({White should play} 29. Nc1 $16) 29... Bh6 $1 30. Bxh6 Kxh6 31. Nb3 g5 (31... Kh7 $11) 32. hxg5+ Qxg5 33. Rh1 Nf6 34. Kf2 Kg7 35. Qc3 Rd7 36. Rxd7 Nxd7 37. f4 Qf6 38. f5 Ng5 39. Nd2 Rh8 40. Qe3 (40. Kg2 $11) 40... Qe7 (40... Qh6 $1 $15) 41. Rc1 (41. Kg2 $11) 41... Nh7 42. Nf3 (42. Ng1 $15) 42... Ndf6 $17 {[%emt 0:00:51] White must now prevent ...Ng4+.} 43. Ke1 Rb8 44. Nd2 Ng4 45. Qc3 Nhf6 (45... Rd8 $1 $19 {Hoping for ...Ng5.} 46. Ng1 Ng5) 46. Ng1 $1 $15 Rb5 47. a4 Rb7 48. Ngf3 Qc7 49. Ke2 Qb8 50. Qd3 $1 Rb2 51. Ke1 ({White should try} 51. Rc3 $1 $15) 51... Qb4 $17 52. Rc4 Qa5 53. Qa3 {[%emt 0:01:32] Prevents Ra2.} (53. Ke2 $17) 53... Rb1+ $1 $19 54. Ke2 Rh1 55. Qc3 (55. Qd3 $17) 55... Qa6 56. Qd3 h4 (56... Ra1 $19 57. Rb4 Qxd3+ 58. Kxd3 Nd7) 57. Nxh4 $17 Qc8 (57... Qb7 $17 58. Qc3 Qd7) 58. Ndf3 $2 (58. Rb4 $1 $15) 58... Qb7 $19 {[%emt 0:01:39][%mdl 1024] Black has strong compensation.} 59. Qc2 {[%emt 0:00:22] Against Qb2} (59. Nd2 $142) 59... Rb1 $2 (59... Qb8 $19 {Threatens to win with ...a5.} 60. Ne1 Rf1 $3 ) 60. Nd2 $17 {[%emt 0:00:16] [#]} Rg1 61. Qc3 {[%emt 0:01:07] [#]} Nh5 $2 ({Worse is} 61... Qd7 62. Nhf3 Rxg3 63. Rb4) (61... a5 $1 $19 {Strongly threatening ...Qa8.} 62. Qa3 Qd7) 62. f6+ $1 $11 Kh7 (62... Kh8 $5 63. Nf5 Qd7 $11) 63. Nf5 $1 Nhxf6 64. Rb4 {[%emt 0:00:03][%cal Bc4b4,Bb4b7,Bb7f7][%mdl 32] Really sharp!} Qd7 65. Nd6 {[%emt 0:00:32] Rb7 is the strong threat.} (65. Qf3 $5 ) 65... Qe6 $36 {[%emt 0:02:19][%mdl 2048] White is under pressure.} 66. Rb7 Rg2+ 67. Ke1 {[%emt 0:00:23] Active counter play!} Qa2 68. Rxf7+ Kg6 {[%emt 0:00:05][%cal Og4e3] aiming for ...Ne3!} 69. Rb7 $1 Qxa4 {[%emt 0:01:04] ( -> ...Rg1+)} 70. Qb3 $2 (70. Nf3 $11 {and White has nothing to worry.} Ra2 71. Qb3 (71. Nxe5+ $2 Nxe5 72. Qxe5 Ra1+ 73. Qxa1 Qxa1+ $19) 71... Ra1+ 72. Kd2 Ra2+ 73. Kc1 Qxb3 74. Rxb3) 70... Qa1+ $19 71. Nb1 Qa5+ $2 (71... Rg1+ 72. Ke2 Rg2+ 73. Ke1 (73. Kf1 $2 Qa6+ 74. Rb5 Rf2+ 75. Kg1 cxb5 $19) 73... Qa5+ 74. Rb4 Kg5) 72. Nc3 $2 (72. Rb4) 72... Qa1+ 73. Nb1 Kg5 $4 (73... Rg1+ $19 74. Ke2 Rg2+ 75. Ke1 (75. Kf1 $2 Qa6+ 76. Rb5 Rf2+ 77. Kg1 cxb5 $19)) 74. Rg7+ Kh6 75. Nf5+ {[%emt 0:00:05] Weighted Error Value: White=0.22 (precise) /Black=0.17 (very precise)} 1-0

[Event "44th Chess Olympiad Open 2022"]
[Site "Chennai"]
[Date "2022.08.09"]
[Round "11.23"]
[White "Peralta, Fernando"]
[Black "Keinanen, Toivo"]
[Result "1/2-1/2"]
[ECO "D31"]
[WhiteElo "2591"]
[BlackElo "2477"]
[Annotator "RC"]
[PlyCount "77"]
[EventDate "2022.07.29"]
[EventType "team-tourn"]
[EventCountry "IND"]
[SourceTitle "playchess.com"]
[Source "ChessBase"]
[SourceQuality "1"]
[WhiteTeam "Argentina"]
[BlackTeam "Finland"]
[WhiteTeamCountry "ARG"]
[BlackTeamCountry "FIN"]
[TimeControl "40/5400+30:1800+30"]

1. d4 d5 2. c4 e6 3. Nc3 Be7 4. cxd5 exd5 5. Bf4 c6 6. Qc2 Nf6 7. h3 Na6 8. a3 g6 9. e3 Bf5 10. Qd2 Nc7 11. Nge2 O-O 12. Ng3 Bc8 13. Bd3 Ne6 14. Bh6 Re8 15. Nge2 Bd6 16. O-O Kh8 17. Nf4 Ng8 18. Nxe6 Bxe6 19. Bf4 Bxf4 20. exf4 Qf6 21. Bc2 Nh6 22. Rae1 Bf5 23. Ba4 Qd6 24. g4 Bd7 25. Bc2 Kg7 26. Ne2 f6 27. Ng3 Nf7 28. f5 Ng5 29. Kg2 Rxe1 30. Rxe1 Re8 31. Rxe8 Bxe8 32. h4 Nf7 33. fxg6 hxg6 34. h5 Ng5 35. hxg6 Bxg6 36. Bxg6 Kxg6 37. f3 Kf7 38. Qe3 Qe6 39. Qxe6+ 1/2-1/2

[Event "44th Chess Olympiad Open 2022"]
[Site "Chennai"]
[Date "2022.08.09"]
[Round "11.23"]
[White "Krysa, Leandro"]
[Black "Nyysti, Sampsa"]
[Result "1-0"]
[ECO "E15"]
[WhiteElo "2515"]
[BlackElo "2363"]
[Annotator "RC"]
[PlyCount "83"]
[EventDate "2022.07.29"]
[EventType "team-tourn"]
[EventCountry "IND"]
[SourceTitle "playchess.com"]
[Source "ChessBase"]
[SourceQuality "1"]
[WhiteTeam "Argentina"]
[BlackTeam "Finland"]
[WhiteTeamCountry "ARG"]
[BlackTeamCountry "FIN"]
[TimeControl "40/5400+30:1800+30"]

1. d4 Nf6 2. c4 e6 3. Nf3 b6 4. g3 Ba6 5. Qc2 Bb4+ 6. Bd2 Be7 7. e4 d5 8. cxd5 Bxf1 9. Kxf1 exd5 10. e5 Ne4 11. Nc3 Nxc3 12. bxc3 Qd7 13. Kg2 Nc6 14. Bg5 f6 15. exf6 gxf6 16. Bf4 O-O-O 17. Rhe1 Kb7 18. Re3 Na5 19. Rae1 Ba3 20. Re6 Rhf8 21. Qf5 Rf7 22. Nh4 Bb2 23. R1e3 Nc4 24. Rf3 Qa4 25. Rxf6 Rxf6 26. Qxf6 Rd7 27. Qe6 Qc6 28. Qe8 Nd6 29. Bxd6 Rxd6 30. Qe3 Qa4 31. Nf5 Rc6 32. Qe8 Rc4 33. Nd6+ cxd6 34. Rf7+ Ka6 35. Qa8 Qc6 36. Rxa7+ Kb5 37. a4+ Rxa4 38. Qxc6+ Kxc6 39. Rxa4 Bxc3 40. Kf1 Kb5 41. Ra7 Kc4 42. Rxh7 1-0

[Event "44th Chess Olympiad Open 2022"]
[Site "Chennai"]
[Date "2022.08.09"]
[Round "11.23"]
[White "Sipila, Vilka"]
[Black "Perez Ponsa, Federico"]
[Result "1-0"]
[ECO "A38"]
[WhiteElo "2416"]
[BlackElo "2554"]
[Annotator "RC"]
[PlyCount "71"]
[EventDate "2022.07.29"]
[EventType "team-tourn"]
[EventCountry "IND"]
[SourceTitle "playchess.com"]
[Source "ChessBase"]
[SourceQuality "1"]
[WhiteTeam "Finland"]
[BlackTeam "Argentina"]
[WhiteTeamCountry "FIN"]
[BlackTeamCountry "ARG"]
[TimeControl "40/5400+30:1800+30"]

1. Nf3 Nf6 2. g3 g6 3. b3 Bg7 4. Bb2 c5 5. c4 d6 6. Bg2 e5 7. O-O O-O 8. Nc3 Nc6 9. Ne1 h5 10. Nf3 Nd4 11. e3 Nxf3+ 12. Bxf3 Qe7 13. d3 Bh3 14. Re1 Rad8 15. Qd2 b6 16. a3 Be6 17. e4 Kh7 18. b4 Bg4 19. Qe2 Bh6 20. b5 Qe6 21. a4 Kg7 22. a5 Nh7 23. Bxg4 hxg4 24. h3 gxh3 25. f4 Nf6 26. Nd5 Qg4 27. fxe5 Qxg3+ 28. Kh1 Ng4 29. exd6+ f6 30. Rf1 Rxd6 31. Rf3 Qh4 32. axb6 axb6 33. e5 Rd7 34. e6 Re8 35. Nxf6 Nxf6 36. Bxf6+ 1-0

[Event "44th Chess Olympiad Open 2022"]
[Site "Chennai"]
[Date "2022.08.09"]
[Round "11.23"]
[White "Koykka, Pekka"]
[Black "Flores, Diego"]
[Result "0-1"]
[ECO "C80"]
[WhiteElo "2361"]
[BlackElo "2528"]
[Annotator "RC"]
[PlyCount "68"]
[EventDate "2022.07.29"]
[EventType "team-tourn"]
[EventCountry "IND"]
[SourceTitle "playchess.com"]
[Source "ChessBase"]
[SourceQuality "1"]
[WhiteTeam "Finland"]
[BlackTeam "Argentina"]
[WhiteTeamCountry "FIN"]
[BlackTeamCountry "ARG"]
[TimeControl "40/5400+30:1800+30"]

1. e4 e5 2. Nf3 Nc6 3. Bb5 a6 4. Ba4 Nf6 5. O-O Nxe4 6. Re1 Nc5 7. Bxc6 dxc6 8. Nxe5 Be7 9. d4 Ne6 10. Be3 O-O 11. c3 f6 12. Nd3 Re8 13. Qb3 Kh8 14. Nd2 Nf8 15. Nf4 Bd6 16. Nf1 b6 17. Qc4 Qd7 18. Ng3 Bb7 19. Qd3 Rad8 20. Qf5 Qf7 21. Ne4 Bxf4 22. Qxf4 c5 23. Ng5 Qd7 24. Nf3 Re4 25. Qg3 Rg4 26. Qh3 cxd4 27. cxd4 Bd5 28. Rec1 Ng6 29. Kh1 f5 30. Ne1 Rh4 31. Qg3 f4 32. Bxf4 Rxf4 33. Nd3 Rg4 34. Rxc7 Qf5 0-1